[Event "*** Titled Tuesday Blitz"]
[Site "Chess.com"]
[Date "2019.11.05"]
[Round "4"]
[White "severomorskij"]
[Black "GHANDEEVAM2003"]
[Result "1-0"]
[WhiteElo "2882"]
[BlackElo "2996"]
[TimeControl "180+2"]
[EndTime "13:52:36 PST"]
[Termination "severomorskij won by resignation"]

1. d4 d5 2. c4 c6 3. Nc3 Nf6 4.
Nf3 e6 5. e3 Nbd7 6. Bd3 dxc4 7. Bxc4 b5 8. Bd3 Bb7 9. O-O a6 10. a4 b4 11. Ne4 c5 12. Nxf6+ Qxf6 13. Qe2 g5 14. e4 g4 15. Ne5 Nxe5 16. dxe5 Qxe5 17.
Qxg4 O-O-O 18. Qe2 Rxd3 19. Qxd3 Rg8 20. g3 Qxe4 21.
Qxe4 Bxe4 22. Be3 Kc7 23. Rac1 Kc6 24. Rfd1 Bd5 25. Rd4 a5 26. Rh4 e5 27. Rxh7 Bd6 28.
h4 c4 29. h5 c3 30. bxc3 b3 31. Rh6 Bf3 32. Rb1 Rb8 33. c4 Kd7 34. c5 Be7 35.
Rb6 Rh8 36. h6 f5 37. R1xb3 f4 38. Bxf4 Bc6 39. Rxc6 Kxc6 40. Bxe5 Rh7 41. Bg7 Bxc5 42. Rb5 1-0

[Event "*** Titled Tuesday Blitz"]
[Site "Chess.com"]
[Date "2019.11.05"]
[Round "4"]
[White "Jospem"]
[Black "2nd_life"]
[Result "0-1"]
[WhiteElo "2832"]
[BlackElo "2411"]
[TimeControl "180+2"]
[EndTime "13:52:37 PST"]
[Termination "2nd_life won by checkmate"]

1. c4 e5 2. Nf3 e4 3. Nd4 Nc6 4. Nc2 Nf6 5. d3 exd3 6. Qxd3 d6 7. Nc3 Ne5 8. Qd4 g6 9. e3 Bg7 10. Be2 Be6 11. b3 Nfg4 12. Qd2 Qf6 13. Ne4 Qh4 14.
g3 Qh3 15. Bb2 Qg2 16. O-O-O Qxe4 17. f3 Nxf3 18. Bxf3 Qxf3 19. Bxg7 Rg8 20. Bc3 Qe4 21. Rhf1 Bf5 22. Na3 Ne5 23. Bxe5 Qxe5 24. Qd4 Qxd4 25. exd4 O-O-O 26. Nb5 a6 27. Nc3 Rde8 28. Nd5 Re2 29. Rd2 Rge8 30. Rf2 Rxf2 31. Rxf2 Re1+ 32. Kb2 Be6 33.
Nc3 c6 34. d5 cxd5 35. cxd5 Bf5 36. g4 Bxg4 37. Rxf7 h5 38. Rf6 Bf5 39. Rxd6 Rh1 40. Rf6 Rxh2+ 41. Ka3 Rd2 42. Na4 h4 43. d6 Kd7 44.
Nb6+ Kc6 45. Nc4 Rd4 46. Ne5+ Kd5 47. Nf3 Rd3 48. Nxh4 Ke5 49. Rf7 b5 50. Nxf5 gxf5 51. d7 Ke6 52. Rh7 Rxd7 53. Rh6+ Ke5 54. Rxa6 f4 55.
Rc6 f3 56. Kb4 Rd5 57. Rc8 f2 58. Rf8 Rd4+ 59. Kc3 Rf4 60. Re8+ Kf5 61. Rf8+ Kg4 62. Rg8+ Kf3 63. Rb8 f1=Q 64. Kb2 Qf2+ 65. Ka3 b4+ 66. Rxb4 Qa7+ 67. Ra4 Rxa4+ 68. bxa4 Ke3 69. Kb4 Kd4 70. a5 Qb7+ 71. Ka4 Kc4 72. a6 Qxa6# 0-1

[Event "*** Titled Tuesday Blitz"]
[Site "Chess.com"]
[Date "2019.11.05"]
[Round "4"]
[White "Pultis"]
[Black "GadimbayliA"]
[Result "0-1"]
[WhiteElo "2713"]
[BlackElo "2930"]
[TimeControl "180+2"]
[EndTime "13:52:39 PST"]
[Termination "GadimbayliA won by resignation"]

1. Nf3 Nf6 2. c4 b6 3. g3 Bb7 4. Bg2 e6 5. O-O g6 6. b3 Bg7 7.
Bb2 O-O 8. Nc3 d5 9. d4 c5 10.
cxd5 Nxd5 11. Nxd5 Bxd5 12. Qc2 cxd4 13. Rad1 e5 14.
e3 Nc6 15. exd4 e4 16. Ne5 Rc8 17. Qe2 f5 18. Qb5 Re8 19. Rfe1 Re6 20. Bf1 Nxe5 21. dxe5 Rc5 22. Qxc5 bxc5 23. Bc4 Rd6 24. Rxd5 Rxd5 25. Rd1 Qe7 26. Rxd5 Kh8 27. Bb5 h5 28. h4 f4 29.
Rd7 Qe6 30. Rd8+ Kh7 31. Bc4 Qg4 32. e6 fxg3 33. Bxg7 gxf2+ 34. Kxf2 Qxh4+ 35. Ke2 Qxd8 36. Be5 Qe7 37. Ke3 h4 38. Kxe4 h3 39. Kd5 Qd8+ 40.
Kxc5 g5 41. Bd6 Qb6+ 42. Kd5 Qb7+ 43. Ke5 h2 44. e7 h1=Q 45. Be6 Qbe4+ 46. Kf6 Qh6+ 47.
Kf7 Qhxe6+ 0-1

[Event "*** Titled Tuesday Blitz"]
[Site "Chess.com"]
[Date "2019.11.05"]
[Round "4"]
[White "nihalsarin"]
[Black "chito89"]
[Result "0-1"]
[WhiteElo "2987"]
[BlackElo "2758"]
[TimeControl "180+2"]
[EndTime "13:52:39 PST"]
[Termination "chito89 won by resignation"]

1. e4 c5 2. Nf3 e6 3. d4 cxd4 4. Nxd4 Nc6 5. Nc3 Qc7 6. Be3 a6 7. Be2 Nf6 8. O-O Be7 9. f4 d6 10.
Qe1 O-O 11. Qg3 Kh8 12. a3 Bd7 13. Rae1 b5 14. Kh1 Rab8 15. Bd3 b4 16. Nxc6 Bxc6 17.
axb4 Rxb4 18. Bc1 Qb7 19. Qe3 Re8 20. b3 d5 21. e5 Ng4 22. Qh3 Nh6 23. Bd2 Rc8 24.
Ne2 Rb6 25. Nd4 Bd7 26. g4 Bc5 27. Be3 Rb4 28. c3 Rxb3 29. Nxb3 d4+ 30. Kg1 dxe3 31. Nxc5 Rxc5 32. g5 Rxc3 33. Rxe3 Qb6 34. gxh6 Rxd3 35.
Re1 Qd4 36. hxg7+ Kg8 37. Qg3 Bc6 38. Qf2 Qd5 39. Re4 Rd2 40. Qg3 Qc5+ 41. Qe3 Qc2 42.
Rd4 Rg2+ 43. Kf1 Bb5+ 44. Re2 Qxe2+ 0-1

[Event "*** Titled Tuesday Blitz"]
[Site "Chess.com"]
[Date "2019.11.05"]
[Round "4"]
[White "pedro_gines"]
[Black "German_Bazeev"]
[Result "1-0"]
[WhiteElo "2535"]
[BlackElo "2696"]
[TimeControl "180+2"]
[EndTime "13:52:40 PST"]
[Termination "pedro_gines won by resignation"]

1. d4 Nf6 2. Nf3 g6 3. c4 b6 4.
Nc3 Bb7 5. g3 Bxf3 6. exf3 Bg7 7. Bg2 Nc6 8. f4 Na5 9. b3 c6 10. O-O O-O 11. Ba3 Re8 12. Qe2 e6 13. Rac1 d5 14. Rfe1 Qd7 15. Red1 Rac8 16. h4 h5 17. Bf3 Nb7 18. Kg2 Nd6 19. Qd3 Nf5 20. Ne2 Red8 21.
Rc2 Bf8 22. Bb2 Bg7 23. a4 Qe7 24. Ra1 c5 25. Rd1 Ng4 26. cxd5 exd5 27. dxc5 Bxb2 28.
Rxb2 bxc5 29. Nc3 c4 30. bxc4 dxc4 31. Qe2 Qf6 32. Ne4 Qg7 33. Rxd8+ Rxd8 34. Rb7 Ngh6 35.
Qxc4 Qf8 36. Ng5 Rc8 37. Qa6 Rc2 38. Nxf7 Ne3+ 39. Kg1 Nxf7 40. Qxg6+ Qg7 41. Qxg7+ Kxg7 42. fxe3 a5 43. Bxh5 1-0

[Event "*** Titled Tuesday Blitz"]
[Site "Chess.com"]
[Date "2019.11.05"]
[Round "4"]
[White "DishonorOnYourCow"]
[Black "WPWPWP-2015"]
[Result "1-0"]
[WhiteElo "2259"]
[BlackElo "2479"]
[TimeControl "180+2"]
[EndTime "13:52:49 PST"]
[Termination "DishonorOnYourCow won on time"]

1. d4 Nf6 2. c4 e6 3. Nf3 b6 4. g3 Ba6 5. b3 Bb4+ 6. Bd2 Be7 7. Bg2 O-O 8. O-O d5 9. cxd5 exd5 10. Ne5 Re8 11. Nc3 c6 12. Rc1 Nfd7 13. Nxd7 Nxd7 14.
Re1 Nf6 15. Bf4 Ba3 16. Rc2 Bb4 17. Be5 Nd7 18. Bf4 Nf6 19. Be5 Ne4 20. Bxe4 dxe4 21. a3 Bxa3 22. Qa1 f6 23. Qxa3 fxe5 24. Qxa6 exd4 25.
Rd1 c5 26. Na4 Qf6 27. b4 Rf8 28. Rf1 e3 29. f3 Qf5 30. Rfc1 Rad8 31. Nb2 cxb4 32.
Qc4+ Kh8 33. Qxb4 h5 34. Nd3 h4 35. Rc4 Qf6 36. g4 a5 37. Qa3 Kh7 38. Rc6 Qg5 39.
Rxb6 Rxf3 40. exf3 e2 41. Re1 Qe3+ 42. Kg2 h3+ 43.
Kg3 Rc8 44. Rb3 1-0

[Event "*** Titled Tuesday Blitz"]
[Site "Chess.com"]
[Date "2019.11.05"]
[Round "4"]
[White "Alex_Terzi"]
[Black "joshdaruca"]
[Result "0-1"]
[WhiteElo "2507"]
[BlackElo "2693"]
[TimeControl "180+2"]
[EndTime "13:52:52 PST"]
[Termination "joshdaruca won by checkmate"]

1. e4 c5 2. Nc3 g6 3. f4 Bg7 4.
Nf3 Nc6 5. Bb5 Nd4 6. Nxd4 cxd4 7. Ne2 a6 8. Bd3 d6 9. O-O Nf6 10. b3 O-O 11. Bb2 e5 12. fxe5 dxe5 13. Ba3 Re8 14. Kh1 b5 15. Ng1 Be6 16. Nf3 Nd7 17. Bd6 Qb6 18.
Ba3 h6 19. Qe2 Nc5 20. h3 b4 21. Bb2 a5 22. Nh2 a4 23. Ng4 Bxg4 24. Qxg4 Nxd3 25. cxd3 a3 26. Bc1 Ra7 27. Qf3 Re6 28. Kh2 Rf6 29.
Qe2 Rxf1 30. Qxf1 Rc7 31. Rb1 Rc2 32. Ra1 Qf6 33. Qd1 Qc6 34. Qf1 Bf6 35. Qd1 Kg7 36.
Qf1 Bg5 37. Qd1 h5 38. g3 h4 39. gxh4 Bxh4 40. Qf1 Bg5 41. Qe1 Qc3 42. Kg3 Bf4+ 43. Kf3 Qxa1 44. Qd1 Rxc1 45. Qe2 Rf1+ 46. Kg4 Rg1+ 47.
Kh4 Bg5# 0-1

[Event "*** Titled Tuesday Blitz"]
[Site "Chess.com"]
[Date "2019.11.05"]
[Round "4"]
[White "2165149677570"]
[Black "IMRosen"]
[Result "1-0"]
[WhiteElo "2308"]
[BlackElo "2594"]
[TimeControl "180+2"]
[EndTime "13:52:53 PST"]
[Termination "2165149677570 won by resignation"]

1. e4 c5 2. Nf3 e6 3. d4 cxd4 4. Nxd4 Nc6 5. Nc3 Qc7 6. Be2 Nf6 7. O-O a6 8. Be3 Bb4 9. Nxc6 bxc6 10. Qd4 c5 11. Qc4 Bb7 12. a3 d5 13. exd5 exd5 14. Qf4 Qxf4 15. Bxf4 Ba5 16. Bd6 Rc8 17. b4 cxb4 18.
axb4 Bc7 19. Bc5 Be5 20. Ra3 Bxc3 21. Rxc3 Ne4 22. Re3 f5 23. f3 f4 24. Ra3 Nxc5 25.
bxc5 Rxc5 26. Bxa6 Bxa6 27. Re1+ Kf7 28. Rxa6 Rxc2 29. Ra7+ Kf6 30. Ra6+ Kf5 31. Re7 Rb8 32. h3 Rbb2 33. Rxg7 d4 34. Rd6 Ke5 35. Rd8 h5 36.
Rg5+ Kf6 37. Rgg8 Rd2 38. Rgf8+ Kg5 39. Rg8+ Kh4 40. Rdf8 Rxg2+ 41. Rxg2 Rxg2+ 42. Kxg2 d3 43. Rd8 d2 44. Rxd2 Kg5 45. Rd5+ Kh4 46. Rd4 Kg5 47. Kh2 Kh4 48. Rxf4+ Kg5 49. Ra4 Kf5 50. Kg3 1-0

[Event "*** Titled Tuesday Blitz"]
[Site "Chess.com"]
[Date "2019.11.05"]
[Round "4"]
[White "NTBT_DHS"]
[Black "PlotnikovPavel"]
[Result "1-0"]
[WhiteElo "2659"]
[BlackElo "2442"]
[TimeControl "180+2"]
[EndTime "13:52:56 PST"]
[Termination "NTBT_DHS won by resignation"]

1. d4 e6 2. c4 f5 3. g3 Nf6 4. Bg2 Bb4+ 5. Bd2 Qe7 6. Qb3 Nc6 7. e3 O-O 8. Ne2 Ne4 9. a3 Bxd2+ 10. Nxd2 Nxd2 11.
Kxd2 a5 12. h4 a4 13. Qc3 e5 14. Bxc6 dxc6 15. dxe5 Rd8+ 16. Ke1 c5 17. f4 b6 18. Kf2 Bb7 19. Rhd1 Qe6 20. Qc2 Qc6 21. e4 fxe4 22. Ke3 Qg6 23. Rxd8+ Rxd8 24. Rd1 Rf8 25.
Qd2 Qg4 26. Rf1 Bc6 27. Qd1 h6 28. Qd2 Kh7 29. Qd1 Rf7 30. h5 Rd7 31. Qc2 Rd3+ 32. Kf2 Qxh5 33. Ke1 Qg4 34. Rf2 Be8 35. Nc1 Re3+ 36.
Re2 Qxg3+ 37. Kd2 Rxe2+ 38. Nxe2 Qf3 39. Qc3 Bh5 40. Qxf3 exf3 41. Ng3 Bg4 42. Ke3 h5 43. Ne4 h4 44. Nf2 Bh5 45. f5 g5 46. Ne4 g4 47. Nf6+ Kh6 48. Nxh5 g3 49. Nxg3 hxg3 50. Kxf3 1-0

[Event "*** Titled Tuesday Blitz"]
[Site "Chess.com"]
[Date "2019.11.05"]
[Round "4"]
[White "Adham_Fawzy"]
[Black "ShahMatKanal"]
[Result "1-0"]
[WhiteElo "2726"]
[BlackElo "2528"]
[TimeControl "180+2"]
[EndTime "13:53:00 PST"]
[Termination "Adham_Fawzy won on time"]

1. e4 c5 2. Nf3 Nc6 3. Bb5 g6 4. O-O Bg7 5. Re1 e5 6. Bxc6 dxc6 7. d3 Bg4 8. Nbd2 Nf6 9. b3 O-O 10.
Bb2 Nd7 11. a4 a5 12. h3 Bxf3 13. Qxf3 Re8 14. Nc4 Nf8 15. Qg3 Qc7 16. Bc3 b6 17. Qh2 f6 18. Qg3 Ne6 19. Qg4 Rad8 20. Rf1 Nf4 21. Kh2 h5 22. Qf3 Rb8 23. g3 Ne6 24. Qe3 Nd4 25. Ra2 Kh7 26. Kg2 Bh6 27. Qe1 f5 28.
exf5 gxf5 29. Qd1 Kg6 30. Re1 Bg7 31. Bd2 Qd7 32. Be3 Qd5+ 33. f3 e4 34. dxe4 fxe4 35.
f4 Nf3 36. Rf1 Bd4 37. Qe2 Rg8 38. Rd1 Kh7 39. c3 Rxg3+ 40. Kxg3 Qg8+ 41. Kf2 Bf6 42. Rd7+ Kh8 43. Kf1 Qg3 44. Rd6 Rg8 45. Qf2 Qxh3+ 46. Ke2 Ng1+ 47. Kd1 Qg4+ 48. Kc1 Bxc3 49. Rh6+ Kg7 50.
Rxc6 Rd8 51. Qxg1 1-0

[Event "*** Titled Tuesday Blitz"]
[Site "Chess.com"]
[Date "2019.11.05"]
[Round "4"]
[White "shnitez"]
[Black "Godzillator"]
[Result "1/2-1/2"]
[WhiteElo "2507"]
[BlackElo "2304"]
[TimeControl "180+2"]
[EndTime "13:53:01 PST"]
[Termination "Game drawn by agreement"]

1. e4 c6 2. Nc3 d5 3. Nf3 Bg4 4.
h3 Bxf3 5. gxf3 Nf6 6. d4 e6 7. Qd3 Bb4 8. Bd2 Nbd7 9. Rg1 g6 10. a3 Be7 11. O-O-O Qc7 12. Re1 O-O-O 13. exd5 Nxd5 14. Nxd5 cxd5 15. Kb1 Bd6 16. Rc1 Kb8 17. c4 dxc4 18.
Rxc4 Qb6 19. Bg2 Rc8 20. Rgc1 Nf6 21. f4 Nd5 22. Ka2 Rc7 23. Bxd5 exd5 24. Rxc7 Bxc7 25. f5 Rc8 26. fxg6 hxg6 27. Bb4 Qe6 28. Re1 Qc6 29. Re7 f5 30. Qe2 Qc4+ 31. Qxc4 dxc4 32. Rg7 Rh8 33. Rxg6 a6 34. Rf6 Rxh3 35. Rxf5 Rd3 36. Bc5 b5 37. f4 Kb7 38. d5 a5 39. d6 Bb6 40. Rf7+ Kc6 41. Bxb6 Kxb6 42. d7 Kc7 43. Rf5 Kc6 44. a4 bxa4 45. Rxa5 Rxd7 46. Rxa4 Kb5 47. Ra8 Rf7 48. Ka3 Rxf4 49. Rb8+ Kc5 50. Rc8+ Kb5 51.
Rb8+ Kc5 52. Rb7 Rf1 53. Rc7+ Kb5 54. Rb7+ Kc6 55. Rb8 Rf2 56. Rc8+ Kb5 57. Rb8+ Ka5 58.
Ra8+ Kb5 59. Rb8+ Kc5 60. Rc8+ Kd4 61. Rd8+ Ke4 62. Kb4 Rxb2+ 63. Kxc4 Rc2+ 64. Kb3 Rc7 1/2-1/2

[Event "*** Titled Tuesday Blitz"]
[Site "Chess.com"]
[Date "2019.11.05"]
[Round "4"]
[White "Alexander_Moskalenko"]
[Black "Aygehovit1992"]
[Result "0-1"]
[WhiteElo "2870"]
[BlackElo "2605"]
[TimeControl "180+2"]
[EndTime "13:53:02 PST"]
[Termination "Aygehovit1992 won by resignation"]

1. d4 d6 2. e4 g6 3. Nc3 Bg7 4.
Be3 c6 5. Qd2 Qc7 6. f3 b5 7. h4 h5 8. O-O-O a6 9. Nh3 Bxh3 10.
Rxh3 Nd7 11. g4 hxg4 12. fxg4 Ngf6 13. g5 b4 14. gxf6 bxc3 15. Qxc3 Nxf6 16. Bg2 Qd7 17. Rhh1 Rb8 18. Bf3 Rb5 19. a4 Rb8 20. Rdg1 c5 21.
e5 cxd4 22. Bxd4 Rc8 23. exf6 Bh6+ 24. Kb1 Rxc3 25. Bxc3 e6 26. h5 g5 27. Rg4 O-O 28. Bd2 Kh8 29. Bxg5 Bxg5 30. Rxg5 Qxa4 31. Rg4 Qb5 32. Be4 Qe5 33. Rf1 Rb8 34. b3 a5 35.
Bd3 Qc3 36. Rf3 Qe1+ 37. Ka2 Rb4 38. Rxb4 axb4 39. h6 Qc3 40. h7 Qe5 41. Rf1 Qa5+ 42. Kb2 Qe5+ 43. Ka2 Qa5+ 44. Kb1 Qg5 45. Kb2 d5 46. Ra1 Qxf6+ 47. Kb1 Qd8 48. Ra7 Qf8 0-1

[Event "*** Titled Tuesday Blitz"]
[Site "Chess.com"]
[Date "2019.11.05"]
[Round "4"]
[White "vladimirdamjanovic"]
[Black "nitpicker"]
[Result "1-0"]
[WhiteElo "2611"]
[BlackElo "2301"]
[TimeControl "180+2"]
[EndTime "13:53:04 PST"]
[Termination "vladimirdamjanovic won by resignation"]

1. e4 e6 2. d4 d5 3. Nc3 dxe4 4.
Nxe4 Bd7 5. d5 exd5 6. Qxd5 Nc6 7. Bc4 Be6 8. Qxd8+ Nxd8 9. Bb3 h6 10. Bf4 Rc8 11. Nf3 Be7 12. Be5 Nf6 13. Nxf6+ Bxf6 14. Bxf6 gxf6 15.
O-O-O c5 16. Rhe1 a6 17. Bd5 O-O 18. Bxe6 fxe6 19. Nd2 e5 20. Ne4 Rc7 21. Nxf6+ Rxf6 22. Rxd8+ Kg7 23. f3 Rf5 24. Rd5 Kf6 25. c4 h5 26.
Rd6+ Ke7 27. Rh6 Rd7 28. Rd1 Rd4 29. b3 e4 30. Rxd4 cxd4 31. fxe4 Rf1+ 32. Kd2 Rf2+ 33. Kd3 Rxg2 34. Rxh5 Rxa2 35. Rh7+ Kd6 36. Rxb7 a5 37. Rb6+ Kc5 38. Rb5+ Kd6 39. Rh5 Rb2 40. Kxd4 Rxb3 41.
Rh6+ Kd7 42. h4 a4 43. Ra6 a3 44. c5 Rh3 45. Kd5 Rxh4 46. Ra7+ Kc8 47. Rxa3 Rh1 48. e5 Rh6 49. e6 Kc7 50. Ra7+ Kb8 51. Rg7 Rh1 52. e7 1-0

[Event "*** Titled Tuesday Blitz"]
[Site "Chess.com"]
[Date "2019.11.05"]
[Round "4"]
[White "Alextorngren"]
[Black "CarlssonLudvig"]
[Result "0-1"]
[WhiteElo "2205"]
[BlackElo "2488"]
[TimeControl "180+2"]
[EndTime "13:53:04 PST"]
[Termination "CarlssonLudvig won on time"]

1. Nf3 c5 2. b3 b6 3. g3 Bb7 4. Bg2 g5 5. Bb2 Nf6 6. Bxf6 exf6 7. d4 f5 8. O-O Qf6 9. c3 Nc6 10. e3 Bd6 11. Nbd2 h5 12. Nc4 Bb8 13. d5 Ne5 14. Ncxe5 Bxe5 15. Nxe5 Qxe5 16. c4 h4 17. Qf3 O-O-O 18.
Rfe1 Rh7 19. g4 fxg4 20. Qxg4 f5 21. Qe2 Kb8 22. e4 f4 23. h3 d6 24. Bf3 Re7 25. Bg4 Rde8 26. f3 Kc7 27. Kg2 a5 28.
Rab1 Ba6 29. Rec1 Qd4 30. Qf2 Qxf2+ 31. Kxf2 Re5 32. Ke2 Ra8 33. a4 Kd8 34. Kd3 Ke7 35. Rg1 Kf6 36. Rg2 Rae8 37. Rbg1 R8e7 38. Bf5 Rg7 39. Rg4 Rxf5 40. exf5 Bc8 41. Re1 Bxf5+ 42.
Re4 Re7 43. Rg1 Rxe4 44. fxe4 Bxh3 45. Ke2 Bd7 46. Kf3 h3 0-1

[Event "*** Titled Tuesday Blitz"]
[Site "Chess.com"]
[Date "2019.11.05"]
[Round "4"]
[White "wonderfultime"]
[Black "kuli4ik"]
[Result "1-0"]
[WhiteElo "2965"]
[BlackElo "2827"]
[TimeControl "180+2"]
[EndTime "13:53:06 PST"]
[Termination "wonderfultime won by resignation"]

1. d4 g6 2. Nf3 Bg7 3. g3 d6 4.
Bg2 Nd7 5. O-O e5 6. e4 Ne7 7. Re1 O-O 8. Nc3 exd4 9. Nxd4 Nc6 10. Nb3 a5 11. a4 Nde5 12. h3 Be6 13. Nd5 Bxd5 14. exd5 Ne7 15. c3 Re8 16. Nd4 Nc8 17.
Nb5 Na7 18. Nd4 Nc8 19. Bf4 Nb6 20. Nb5 Qd7 21. b3 h6 22. Ra2 Re7 23. Rae2 Rae8 24.
c4 Qd8 25. h4 Nbd7 26. Be3 b6 27. Bd4 Nc5 28. Re3 Qd7 29. Bf1 h5 30. Ba1 Ng4 31.
Rxe7 Rxe7 32. Bxg7 Kxg7 33. Bh3 Rxe1+ 34. Qxe1 Qd8 35. Bxg4 hxg4 36. Qe3 Nd7 37. Kg2 Ne5 38. Qg5 f6 39. Qf4 Qe7 40. Qe4 f5 41. Qe3 Kf7 42.
Nd4 Nd7 43. Ne6 Nf6 44. Qh6 Ne4 45. Qg7+ Ke8 46. Qg8+ Kd7 47. Nf8+ Kc8 48. Nxg6+ Qd8 49. Ne7+ Kd7 50. Qe6+ Ke8 51. Nc6+ 1-0

[Event "*** Titled Tuesday Blitz"]
[Site "Chess.com"]
[Date "2019.11.05"]
[Round "4"]
[White "Storne89"]
[Black "TomasKapitanchuk"]
[Result "0-1"]
[WhiteElo "2675"]
[BlackElo "2515"]
[TimeControl "180+2"]
[EndTime "13:53:08 PST"]
[Termination "TomasKapitanchuk won by resignation"]

1. e4 c5 2. Nf3 e6 3. d4 cxd4 4. Nxd4 Nc6 5. Nc3 Qc7 6. Be3 a6 7. a3 b5 8. Nxc6 Qxc6 9. Be2 Bb7 10. O-O Bc5 11. Qd2 Nf6 12. Bf3 e5 13. Nd5 Nxd5 14. exd5 Qb6 15. Bxc5 Qxc5 16. b4 Qd6 17. Rfc1 O-O-O 18. c4 bxc4 19. Rxc4+ Kb8 20. Rc5 f5 21.
Rac1 e4 22. Be2 Rc8 23. Qd4 g5 24. a4 Rhe8 25. a5 f4 26. Bh5 Re5 27. Rxc8+ Bxc8 28. Be2 Bb7 29. b5 axb5 30. a6 Bxa6 31. Ra1 Rxd5 32. Qh8+ Ka7 33. Qc8 f3 34. Bf1 Qc6 35. Qg8 Rc5 36.
Qxh7 Rc2 37. Qf5 fxg2 38. Bxg2 Rc1+ 39. Rxc1 Qxc1+ 40. Bf1 Qc6 41. Qxg5 b4 42. Bxa6 Kxa6 43. Qe3 Kb5 44. h4 Ka4 45. Qa7+ Kb3 46. h5 Qc1+ 47.
Kh2 Qf4+ 48. Kh3 Qf3+ 49. Kh4 Qxf2+ 50. Kg5 Qxa7 0-1

[Event "*** Titled Tuesday Blitz"]
[Site "Chess.com"]
[Date "2019.11.05"]
[Round "4"]
[White "LuckIsMySkill"]
[Black "DeGrootteZ"]
[Result "1/2-1/2"]
[WhiteElo "2766"]
[BlackElo "2610"]
[TimeControl "180+2"]
[EndTime "13:53:13 PST"]
[Termination "Game drawn by agreement"]

1. f4 d5 2. b3 Nf6 3. Nf3 g6 4. Bb2 Bg7 5. e3 O-O 6. c4 dxc4 7. Bxc4 c5 8. O-O Nc6 9. Ne5 Nxe5 10. Bxe5 b6 11. Nc3 Bb7 12. f5 a6 13. a4 Qd7 14.
Qc2 Kh8 15. e4 Ng4 16. Bxg7+ Kxg7 17. Nd5 Bxd5 18. Qc3+ Kg8 19. Bxd5 Rad8 20. Qg3 e6 21. fxe6 fxe6 22. Rxf8+ Kxf8 23. Rf1+ Kg8 24. Bc4 b5 25. axb5 axb5 26. Bxb5 Qxb5 27. Qxg4 Qxb3 28. Qf4 Qb7 29. h4 Qe7 30. h5 g5 31. Qe5 Qg7 32. Qxe6+ Kh8 33.
Rf7 Qd4+ 34. Kh1 Ra8 35. Qf6+ Qxf6 36. Rxf6 Rd8 37. h6 Kg8 38. Rf5 Rxd2 39. Rxg5+ Kf8 40. Rg7 Re2 41. Rxh7 Rxe4 42. g3 Re6 43. Kg2 c4 44.
g4 c3 45. Rh8+ Kf7 46. g5 Rg6 47. h7 Rxg5+ 48. Kf2 Rh5 49. Rc8 Rxh7 50. Rxc3 1/2-1/2

[Event "*** Titled Tuesday Blitz"]
[Site "Chess.com"]
[Date "2019.11.05"]
[Round "4"]
[White "WeAintSurePal"]
[Black "pheonixking2000"]
[Result "1-0"]
[WhiteElo "2466"]
[BlackElo "2656"]
[TimeControl "180+2"]
[EndTime "13:53:13 PST"]
[Termination "WeAintSurePal won by resignation"]

1. e4 d6 2. d4 Nf6 3. Nc3 Nbd7 4. f4 e5 5. Nf3 exd4 6. Nxd4 g6 7. Be3 Bg7 8. Bd3 O-O 9. O-O Nc5 10. h3 Re8 11.
Qf3 Qe7 12. f5 Ncxe4 13. Nxe4 Nxe4 14. fxg6 fxg6 15. Rae1 d5 16. c3 c5 17. Nb3 c4 18.
Bc5 Qc7 19. Rxe4 dxe4 20. Bxc4+ Kh8 21. Qe3 b6 22. Rf7 Qc6 23. Rxg7 Kxg7 24. Bd4+ Kf8 25.
Qh6+ Ke7 26. Qg7+ Kd6 27. Qf6+ Be6 28. Be5+ Kd7 29. Be2 Bxb3 30. Bb5 Be6 31. Bxc6+ Kxc6 32. Qg7 Rac8 33. Qxa7 e3 34. Bd4 Bc4 35. Qxb6+ Kd5 36. Bxe3 Bxa2 37. b3 Bb1 38. c4+ Ke4 39. Qd4+ Kf5 40.
Qd5+ Kf6 41. Bd4+ Ke7 42. Qe5+ Kd7 43. Qd5+ Ke7 44. c5 Red8 45. Qe5+ Kf7 46. Qf6+ Ke8 47. c6 Bf5 48. Bc5 1-0

[Event "*** Titled Tuesday Blitz"]
[Site "Chess.com"]
[Date "2019.11.05"]
[Round "4"]
[White "xamax2000"]
[Black "coolthing"]
[Result "1/2-1/2"]
[WhiteElo "2570"]
[BlackElo "2364"]
[TimeControl "180+2"]
[EndTime "13:53:13 PST"]
[Termination "Game drawn by repetition"]

1. e4 Nf6 2. e5 Nd5 3. d4 d6 4. Nf3 g6 5. h3 Bg7 6. Bd3 O-O 7. O-O c5 8. Be4 Nb6 9. dxc5 dxc5 10. Be3 Qc7 11. Nc3 Bd7 12. Bf4 Rd8 13. Bg3 Be6 14. Qc1 Nc6 15. Re1 Nd4 16. Ng5 a6 17. Nxe6 Nxe6 18.
f4 Nd4 19. Ne2 e6 20. Bf2 Rd7 21. c3 Nxe2+ 22. Rxe2 Rad8 23. Qe3 Bf8 24. Qf3 Nc4 25. b3 Nd2 26. Qe3 Nxe4 27. Qxe4 Rd5 28. c4 R5d7 29.
g4 Bg7 30. Rae1 Rd3 31. Kg2 Rc3 32. Re3 Rxe3 33. Bxe3 b5 34. Kf3 Qa5 35. Re2 b4 36. f5 Qc7 37. f6 Bf8 38. Rd2 Rxd2 39. Bxd2 Qd7 40. Ke2 Qd8 41. Be3 Qa5 42. Qc2 Qd8 43.
g5 Qd7 44. Qe4 Qd8 45. Bd2 Qa5 46. a4 Qc7 47. Be3 Qd8 48. h4 Qd7 49. Qa8 Qc7 50. Bf4 Qd7 51. Be3 Qc7 52. Qe4 Qd7 53. Bf4 Qd8 54.
Bg3 Qd7 55. Bf2 Qd8 56. Qc6 Qb8 57. Bg3 Qd8 58. Qe4 Qd7 59. Bf2 Qc7 60. Kf3 Qd7 61. Qa8 Qd1+ 62. Kg2 Qxb3 63. Bxc5 Qc2+ 64. Kg3 Qd3+ 65. Kf2 Qd2+ 66. Kf1 Qd1+ 67. Kf2 Qd2+ 68. Kf1 Qd1+ 69. Kf2 Qd2+ 1/2-1/2

[Event "*** Titled Tuesday Blitz"]
[Site "Chess.com"]
[Date "2019.11.05"]
[Round "4"]
[White "SanchezKelvin"]
[Black "CarrotsandPizza"]
[Result "1-0"]
[WhiteElo "2496"]
[BlackElo "2256"]
[TimeControl "180+2"]
[EndTime "13:53:13 PST"]
[Termination "SanchezKelvin won by checkmate"]

1. d4 Nf6 2. c4 g6 3. Nc3 Bg7 4. Nf3 d6 5. e4 O-O 6. Be2 Na6 7.
O-O e5 8. dxe5 dxe5 9. Qxd8 Rxd8 10. Bg5 c6 11. Nxe5 Re8 12. f4 Nc5 13. Bf3 Nfxe4 14. Nxe4 Nxe4 15. Bxe4 f6 16. Bxf6 Bxf6 17. Rae1 Be6 18.
b3 Bxe5 19. fxe5 Rad8 20. Bf3 Rd2 21. Rf2 Rd4 22. Rfe2 Red8 23. Re4 Rd2 24. R1e2 Rd1+ 25. Re1 R1d2 26. R4e2 R2d7 27. h3 Kf8 28. Rf2 Ke7 29. Bg4 Bxg4 30. hxg4 Rd2 31. a4 R8d3 32. Rxd2 Rxd2 33. Re3 Ke6 34. Kh2 Rd4 35. Kg3 g5 36. Rf3 Kxe5 37. Rf5+ Ke4 38. Rxg5 Rd3+ 39. Kh4 Rxb3 40. Rh5 Rb2 41. Rxh7 Kd4 42. g5 Kxc4 43. Kh3 Rb3+ 44. Kg4 Re3 45. g6 Re8 46. Rxb7 a5 47. g7 c5 48. Kf5 Kd3 49. Kf6 c4 50. Kf7 Rc8 51. g8=Q Rxg8 52. Kxg8 c3 53. Rc7 c2 54.
Kf7 Kd2 55. g4 c1=Q 56. Rxc1 Kxc1 57. g5 Kb2 58. g6 Kb3 59. g7 Kxa4 60. g8=Q Kb4 61.
Qg7 a4 62. Qa1 Kb3 63. Ke6 a3 64. Kd5 Kb4 65. Kd4 Kb3 66. Kd3 Kb4 67. Qa2 Ka4 68. Kc3 Kb5 69. Qc4+ Kb6 70. Kb3 a2 71. Kxa2 Kb7 72.
Qc5 Ka8 73. Qe7 Kb8 74. Kb3 Ka8 75. Kb4 Kb8 76. Kb5 Kc8 77. Kb6 Kb8 78. Qe8# 1-0

[Event "*** Titled Tuesday Blitz"]
[Site "Chess.com"]
[Date "2019.11.05"]
[Round "4"]
[White "Torrentec"]
[Black "FedaMaster"]
[Result "1-0"]
[WhiteElo "2371"]
[BlackElo "2622"]
[TimeControl "180+2"]
[EndTime "13:53:14 PST"]
[Termination "Torrentec won by resignation"]

1. e4 c5 2. Nf3 d6 3. Bb5+ Bd7 4.
Bxd7+ Qxd7 5. O-O Nc6 6. Qe2 g6 7. c3 Bg7 8. Rd1 d5 9. e5 d4 10. cxd4 cxd4 11. d3 e6 12. Bf4 Nge7 13. Nbd2 Nd5 14.
Bg5 h6 15. Bh4 g5 16. Bg3 O-O-O 17. Ne4 Kb8 18. Nc5 Qe7 19. Rac1 Rc8 20. Nd2 Nc3 21. Na6+ bxa6 22. bxc3 dxc3 23. Rxc3 Nd4 24. Rb1+ Nb5 25. Rcb3 Kc7 26. Qe4 Qc5 27. a4 Nc3 28. Rb7+ Kd8 29. Qf3 Nxb1 30. Qxf7 Rc7 31. Rb8+ Rc8 32. Rb7 Rc7 33.
Rb8+ Rc8 34. Rxb1 Qe7 35. Qf3 Rf8 36. Qe4 Rf7 37. h4 Qd7 38. Nc4 Bf8 39. hxg5 hxg5 40. Qg4 Rf5 41. Ne3 Qf7 42. Nxf5 Qxf5 43. Qxf5 exf5 44.
f4 Bc5+ 45. Kf1 g4 46. Bh4+ Kd7 47.
Rb7+ Kc6 48. Rf7 Rh8 49. g3 Rb8 50. Rxf5 Kd5 51. e6+ Kd4 52. Bf6+ Ke3 53. Rxc5 Rb1+ 54. Kg2 Rb2+ 55. Bxb2 a5 56. e7 a6 57. e8=Q+ 1-0